AoeStats
← roberto.bortolin

MegaRandom

510085372Analyzed
4v4 RM · 4d ago on Sep 29, 2026· 52m 21s· 8 players
Game mode
Random Map
Map size
Large (8 player)
Population
200
Speed
Normal
Resources
Standard
Victory
Conquest
Starting age
Dark Age
Ending age
Imperial Age
RankedLock teamsTeams togetherTeam positionsShared explorationLock speedFull tech treeHidden civsTurbo modeCheats
Victory
Defeat
🇺🇸 Goths · United States
885
+13
🇯🇵 Franks · Japan
880
+14
🇫🇷 Huns · France
714
+20
🇨🇳 Goths · China
703
+21
🇩🇪 Vietnamese · Germany
873
-19
🇮🇹 Romans · Italy
851
-18
🇮🇹 Italians · Italy
834
-18
🇮🇹 Turks · Italy
717
-13
Kingslayers_
14:31 Feudal Age
16:03 Double-Bit Axe
20:44 Castle Age
sascha.m.89x
9:59 Loom
13:41 Feudal Age
14:07 Horse Collar
14:15 Double-Bit Axe
16:18 Wheelbarrow
22:01 Castle Age
20:57 Stone Mining
22:24 Pikeman
23:27 Hand Cart
25:41 Heavy Plow
25:55 Bow Saw
25:39 Gold Mining
26:27 Stone Shaft Mining
30:06 Squires
30:13 Scale Mail Armor
30:53 Forging
35:42 Imperial Age
34:10 Thumb Ring
34:37 Padded Archer Armor
34:27 Fletching
36:03 Elite Rattan Archer
37:08 Paper Money
36:09 Elite Rattan Archer
37:56 Crop Rotation
38:40 Two-Man Saw
39:59 Guilds
39:50 Caravan
40:25 Bodkin Arrow
40:49 Leather Archer Armor
41:35 Bracer
40:58 Halberdier
43:01 Ring Archer Armor
43:02 Ballistics
44:03 Chemistry
44:05 Elite Battle Elephant
44:48 Husbandry
44:58 Bloodlines
44:58 Scale Barding Armor
45:29 Iron Casting
46:17 Chatras
roberto.bortolin
0:32 Loom
13:14 Feudal Age
20:44 Castle Age
18:42 Fishing Lines
18:56 Double-Bit Axe
21:21 Gillnets
26:03 Fortified Wall
26:38 Treadmill Crane
28:12 Bow Saw
31:42 Murder Holes
31:44 Stone Mining
37:41 Ballistics
37:33 Masonry
38:06 Wheelbarrow
37:17 Town Watch
40:49 Hand Cart
40:31 Gold Mining
41:21 Stone Shaft Mining
49:27 Imperial Age
46:58 Town Patrol
48:19 Hand Cart
BrunoMontalcino
11:14 Feudal Age
11:49 Fishing Lines
16:47 Castle Age
14:46 Double-Bit Axe
16:37 Horse Collar
18:21 Gillnets
18:11 Man-at-Arms
19:13 Pikeman
20:37 Scale Mail Armor
20:54 Forging
25:11 Bow Saw
27:55 Fervor
29:56 Wheelbarrow
34:54 Imperial Age
32:45 Chain Mail Armor
33:25 Hand Cart
33:04 Town Watch
33:27 Ballistas
35:22 Scale Barding Armor
35:53 Iron Casting
35:15 Elite Centurion
37:27 Chain Barding Armor
37:22 Bloodlines
37:13 Husbandry
37:25 Town Patrol
39:35 Plate Barding Armor
40:02 Blast Furnace
40:11 Heavy Scorpion
Felch Baby
15:05 Feudal Age
15:43 Double-Bit Axe
16:08 Loom
17:52 Fishing Lines
19:32 Gold Mining
21:58 Castle Age
21:20 Forging
23:23 Castle Age
25:19 Wheelbarrow
25:18 Bow Saw
28:00 Gillnets
32:18 Scale Mail Armor
36:44 Imperial Age
35:09 Horse Collar
37:00 Squires
38:16 Hand Cart
44:18 Chemistry
43:40 Ballistics
43:28 Capped Ram
Sandroudrou
1:14 Loom
12:23 Feudal Age
13:40 Wheelbarrow
12:51 Town Watch
12:49 Horse Collar
12:56 Double-Bit Axe
14:01 Gold Mining
14:03 Stone Mining
16:44 Man-at-Arms
17:10 Arson
23:12 Castle Age
24:12 Hand Cart
23:54 Long Swordsman
24:17 Crossbowman
26:27 Bow Saw
27:34 Heavy Plow
29:13 Gold Shaft Mining
28:50 Elite Skirmisher
28:52 Pikeman
30:21 Husbandry
30:20 Fishing Lines
31:36 Town Patrol
37:47 Imperial Age
36:05 Thumb Ring
36:22 Squires
37:53 Murder Holes
38:09 Masonry
38:20 Ballistics
37:46 Light Cavalry
38:47 Bloodlines
40:35 Clinker Construction
43:21 Atheism
43:33 Fervor
45:47 Two-Man Saw
44:41 Gillnets
45:58 Cavalier
47:17 Carvel Hull
48:04 Forging
47:55 Scale Mail Armor
48:00 Scale Barding Armor
47:56 Padded Archer Armor
47:46 Fletching
48:38 Parthian Tactics
48:27 Marauders
49:21 Iron Casting
49:15 Heavy Cavalry Archer
50:16 Two-Handed Swordsman
50:50 Halberdier
51:59 Caravan
52:41 Coinage
店長
2:16 Loom
12:59 Feudal Age
14:19 Wheelbarrow
19:19 Forging
25:00 Castle Age
24:35 Scale Barding Armor
26:24 Hand Cart
30:25 Husbandry
30:45 Double-Bit Axe
35:21 Gold Mining
35:22 Stone Mining
38:48 Imperial Age
36:09 Light Cavalry
37:18 Chain Barding Armor
37:35 Iron Casting
36:50 Fletching
37:54 Gold Shaft Mining
37:35 Town Watch
38:27 Scale Mail Armor
38:31 Town Patrol
42:36 Imperial Age
42:44 Cavalier
44:03 Plate Barding Armor
44:29 Blast Furnace
43:33 Chivalry
43:54 Conscription
43:49 Paladin
45:01 Bow Saw
49:40 Bodkin Arrow
49:45 Padded Archer Armor
战鹰
0:45 Loom
14:04 Feudal Age
14:47 Double-Bit Axe
14:45 Horse Collar
14:52 Fishing Lines
18:15 Gold Mining
22:05 Castle Age
20:47 Stone Mining
23:18 Bow Saw
23:11 Heavy Plow
23:49 Stone Shaft Mining
27:48 Pikeman
28:31 Squires
28:44 Forging
28:35 Scale Mail Armor
32:20 Anarchy
33:38 Wheelbarrow
35:14 Iron Casting
34:55 Chain Mail Armor
36:06 Hand Cart
40:49 Imperial Age
41:04 Halberdier
42:55 Blast Furnace
41:19 Elite Huskarl
42:21 Conscription
42:02 Perfusion
42:22 Town Watch
42:47 Town Watch
46:04 Two-Man Saw
45:37 Crop Rotation
47:30 Chemistry
46:53 Ballistics
46:48 Masonry
47:16 Town Patrol
Connection lost

Rejoining the realm…

Still unreachable

The connection could not be restored.

Session expired

The server has moved on; the page needs a fresh start.